Cogmind - Beta 15 @@@ ROGUE MODE // 2025.08.08 @ 19:38:43 Player: beans Result: Destroyed by DAS Turret with DAS Cannon Performance ------------- Evolutions (0) 0 Regions Visited (3) 600 Robots Destroyed (9) 45 Value Destroyed (147) 147 Prototype IDs (23) 460 Alien Tech Used (0) 0 Bonus (288) 288 TOTAL SCORE: 1540 Bonus ------- Aligned with FarCom 300 Friendly Fire -12 Cogmind --------- Core Integrity 0/250 Matter 21/300 Energy 99/100 System Corruption 0% Temperature Cool (0) Movement Core (100) Ox1 Location -10/Exiles Parts ------- > --- POWER (1) -------- (None) > --- PROPULSION (2) --- (None) > --- UTILITY (2) ------ Small Storage Unit > --- WEAPON (2) ------- (None) > --- INVENTORY (8) ---- AWS/Autocannon Peak State ------------ > --- POWER ------------ Ion Engine > --- PROPULSION ------- Light Treads Light Treads > --- UTILITY ---------- Small Storage Unit > --- WEAPON ----------- Heavy Assault Rifle Heavy Assault Rifle > --- INVENTORY -------- Heavy Assault Rifle Heavy Assault Rifle AWS/Autocannon Rocket Launcher [Rating: 11] Favorites ----------- Power Ion Engine Engine Ion Engine Propulsion Light Treads Treads Light Treads Utility Small Storage Unit Storage Small Storage Unit Weapon Heavy Assault Rifle Ballistic Gun Heavy Assault Rifle Launcher Rocket Launcher Build | -11 -10 -10 -10 ------- Run | Yrd Mat Min Exi Slots Evolved . | . . . . Power . | . . . . Propulsion . | . . . . Utility . | . . . . Weapon . | . . . . Parts Attached 11 | 6 2 . 3 Power 1 | 1 . . . Engine 1 | 1 . . . Core . | . . . . Reactor . | . . . . Propulsion 2 | 2 . . . Treads 2 | 2 . . . Leg . | . . . . Wheel . | . . . . Hover . | . . . . Flight . | . . . . Utility 1 | 1 . . . Device . | . . . . Storage 1 | 1 . . . Processor . | . . . . Hackware . | . . . . Protection . | . . . . Artifact . | . . . . Weapon 7 | 2 2 . 3 Energy Gun . | . . . . Energy Cannon . | . . . . Ballistic Gun 6 | 2 2 . 2 Ballistic Cannon . | . . . . Launcher 1 | . . . 1 Special Weapon . | . . . . Impact Weapon . | . . . . Slashing Weapon . | . . . . Piercing Weapon . | . . . . Special Melee Weapon . | . . . . Unidentified Prototypes . | . . . . Parts Lost 8 | . . . 8 Power 1 | . . . 1 Propulsion 2 | . . . 2 Utility . | . . . . Weapon 5 | . . . 5 Highest Loss Streak 8 | . . . 8 To Critical Strikes 3 | . . . 3 Average Backups 2 | . 1 2 3 Power . | . . . . Propulsion . | . . . . Utility . | . . . . Weapon 2 | . 1 2 3 Tool/Special . | . . . . Unused Backups 1 | . . . 1 Power . | . . . . Propulsion . | . . . . Utility . | . . . . Weapon 1 | . . . 1 Tool/Special . | . . . . Average Slot Usage (%) 81 | . 81 85 76 Engine 13 | . 14 14 11 Treads 26 | . 28 28 23 Storage 14 | . 14 14 14 Ballistic Gun 25 | . 24 28 22 Launcher 1 | . . . 3 Peak Build Rating 11 | 6 8 8 11 Average Rating 8 | 4 6 8 9 On Entrance 5 | . 6 8 8 Naked Turns . | . . . . Heaviest Build 17 | 14 16 16 17 Greatest Support 40 | 40 40 40 40 Greatest Overweight (x) 1 | . . . 1 Average Overweight (x) . | . . . . Largest Inventory Capacity 8 | 8 8 8 8 Average Capacity 7 | 6 8 8 8 Most Carried 6 | 4 4 3 6 Average Carried 3 | . 1 2 4 Final Capacity 8 | 8 8 8 8 Final Carried 3 | . 2 3 3 Class Distribution -------------------- 100% | Mutant Dominant Class ---------------- Mutant | -10/Materials Mutant | -10/Mines Mutant | -10/Exiles Resources | -11 -10 -10 -10 ----------- Run | Yrd Mat Min Exi Matter Collected 376 | 188 . 188 . Remotely . | . . . . Salvage Created 227 | 39 . 173 15 Parts 23 | 8 . 15 . Haulers Intercepted . | . . . . Recyclers Shooed . | . . . . Parts Field Recycled . | . . . . Retrieved Matter . | . . . . Parts Self-Destructed . | . . . . Prevented . | . . . . Kills | -11 -10 -10 -10 ------- Run | Yrd Mat Min Exi Combat Hostiles Destroyed 10 | . . 5 5 Guns 5 | . . 5 . AOE 5 | . . . 5 Classes Destroyed 5 | 1 . 3 1 Builder 1 | . . 1 . Tunneler 3 | 2 . 1 . Swarmer 3 | . . 3 . Grunt 2 | . . 2 . Assembled 5 | . . . 5 Best Kill Streak 5 | 2 . 3 5 Combat Bots Only 5 | . . 3 5 Max Kills in Single Turn 2 | 2 . 1 2 Gunslinging . | . . . . Exploded 2 | . . . 2 Melee . | . . . . Uniques/NPCs Destroyed . | . . . . Combat | -11 -10 -10 -10 -------- Run | Yrd Mat Min Exi Hostile Shots Fired 102 | . . 20 82 Missed 31 | . . 5 26 Hits 71 | . . 15 56 Projectile 71 | . . 15 56 Critical Strikes 22 | . . . 22 Damage Taken 1261 | . . 143 1118 Core 312 | . . 36 276 Absorbed by Shields . | . . . . Core Remaining (%) 100 | 100 . . . Volleys Fired 51 | 1 . 15 35 Largest 2 | 2 . 2 2 Hottest 46 | 40 . 46 46 Shots Fired 87 | 2 . 30 55 Gun 74 | 2 . 30 42 Cannon . | . . . . Launcher 13 | . . . 13 Special . | . . . . Kinetic 74 | 2 . 30 42 Thermal . | . . . . Explosive 13 | . . . 13 Electromagnetic . | . . . . Robot Hit Streak 9 | 1 . 9 6 Robot Miss Streak 4 | 1 . 3 4 Penetration Max . | . . . . Secondary Targets 1 | . . 1 . Max Gunslinging Chain 1 | . . 1 . Shots Hit Robots 54 | 1 . 20 33 Core Hits 24 | 2 . 9 13 Critical Kills . | . . . . Critical Parts Destroyed . | . . . . Critical Strikes 1 | . . . 1 Destroy 1 | . . . 1 Melee Attacks . | . . . . Impact . | . . . . Slashing . | . . . . Piercing . | . . . . Sneak Attacks . | . . . . Combat Hostiles . | . . . . Follow-up Attacks . | . . . . Damage Inflicted 1029 | 21 . 307 701 Guns 726 | 21 . 307 398 Cannons . | . . . . Explosions 303 | . . . 303 Melee . | . . . . Ramming . | . . . . Kinetic 726 | 21 . 307 398 Thermal . | . . . . Explosive 303 | . . . 303 Electromagnetic . | . . . . Impact . | . . . . Slashing . | . . . . Piercing . | . . . . Highest Corruption . | . . . . Average Corruption . | . . . . Corruption Purged . | . . . . Corruption Blocked . | . . . . Overload Shots . | . . . . Overflow Damage 15 | . . . 15 Projectiles . | . . . . Explosions 15 | . . . 15 Melee . | . . . . Knockbacks . | . . . . Impact . | . . . . Kinetic . | . . . . Secondary . | . . . . Self-Inflicted Damage 60 | . . . 60 Shots 2 | . . . 2 Rammed . | . . . . Targets Rammed . | . . . . Kicked . | . . . . Crushed . | . . . . Highest Temperature 4 | . . 4 . Average Temperature 2 | . . 2 . Received Heat Transfer 36 | . . 36 . Siege Activations . | . . . . Martial Activations . | . . . . Shielding Activations . | . . . . Robots Disrupted . | . . . . Combat Hostiles . | . . . . Robots Corrupted . | . . . . Combat Hostiles . | . . . . Parts Fried . | . . . . Impact Corruptions . | . . . . Robots Melted . | . . . . Combat Hostiles . | . . . . Parts Melted . | . . . . Heat Transferred . | . . . . Parts Sabotaged . | . . . . Parts Stolen . | . . . . Parts Stripped . | . . . . Power Chain Reactions . | . . . . Alert | -11 -10 -10 -10 ------- Run | Yrd Mat Min Exi Maximum Alert Level . | . . . . Low Security (%) 100 | 100 100 100 . Level 1 . | . . . . Level 2 . | . . . . Level 3 . | . . . . Level 4 . | . . . . Level 5 . | . . . . High Security . | . . . . Max Security . | . . . . Peak Influence 60 | 10 6 60 . Initial 6 | . 6 . . Average 9 | . 1 10 . Influence Increases 155 | 10 . 145 . Destroy 0b10 Robot/C 100 | . . 100 . Destroy 0b10 Robot/NC 20 | 10 . 10 . Destroy Leader 20 | . . 20 . Disable Machine 15 | . . 15 . Influence Decreases 155 | . 10 145 . Entered New Map 4 | . 4 . . Time Decay 151 | . 6 145 . Squads Dispatched . | . . . . Investigation . | . . . . Extermination . | . . . . Reinforcement . | . . . . Assault . | . . . . Garrison . | . . . . Intercept . | . . . . Searches Triggered . | . . . . Construction Impeded . | . . . . Haulers Reinforced . | . . . . Active Scanning Responses . | . . . . Cargo Convoy Interrupts . | . . . . Stealth | -11 -10 -10 -10 --------- Run | Yrd Mat Min Exi Distress Signals . | . . . . Communications Jammed . | . . . . Distress Signals . | . . . . Times Spotted 13 | . . 5 8 Peak Tracking Total 8 | . . 3 8 Tactical Retreats . | . . . . Traps | -11 -10 -10 -10 ------- Run | Yrd Mat Min Exi Traps Triggered . | . . . . Indirectly . | . . . . Trap Hack Attempts . | . . . . Triggered . | . . . . Disarmed . | . . . . Reprogrammed . | . . . . Reused . | . . . . Traps Extracted . | . . . . Installed . | . . . . Triggered . | . . . . Machines | -11 -10 -10 -10 ---------- Run | Yrd Mat Min Exi Machines Disabled 9 | . . 1 8 Max in Single Turn 2 | . . 1 2 Machines Repaired . | . . . . Machines Dismantled . | . . . . Machines Sabotaged . | . . . . Overloaded Fab Kills . | . . . . Hacking | -11 -10 -10 -10 --------- Run | Yrd Mat Min Exi Machines Accessed 1 | . . . 1 Terminals . | . . . . Fabricators . | . . . . Repair Stations . | . . . . Recycling Units . | . . . . Scanalyzers . | . . . . Garrison Access . | . . . . Total Hacks 1 | . . . 1 Successful 1 | . . . 1 Failed . | . . . . Catastrophic . | . . . . Database Lockouts . | . . . . Manual 1 | . . . 1 Terminals . | . . . . Fabricators . | . . . . Repair Stations . | . . . . Recycling Units . | . . . . Scanalyzers . | . . . . Garrison Access . | . . . . Terminal Hacks 1 | . . . 1 Proto ID Catalog 1 | . . . 1 Fabricator Hacks . | . . . . Repair Station Hacks . | . . . . Recycling Unit Hacks . | . . . . Scanalyzer . | . . . . Garrison Access Hacks . | . . . . Unauthorized Hacks . | . . . . Terminals . | . . . . Fabricators . | . . . . Repair Stations . | . . . . Recycling Units . | . . . . Scanalyzers . | . . . . Garrison Access . | . . . . Data Cores Recovered . | . . . . Used . | . . . . Hacking Detections . | . . . . Full Trace Events . | . . . . Feedback Events . | . . . . Feedback Blocked . | . . . . Robot Schematics Acquired . | . . . . Robots Built . | . . . . Authchips . | . . . . Time . | . . . . Total Robot Build Rating . | . . . . Part Schematics Acquired . | . . . . Parts Built . | . . . . Authchips . | . . . . Time . | . . . . Total Part Build Rating . | . . . . Parts Repaired . | . . . . Time . | . . . . Parts Recycled . | . . . . Recycled Matter . | . . . . Retrieved Matter . | . . . . Retrieved Components . | . . . . Parts Scanalyzed . | . . . . Part Schematics Acquired . | . . . . Parts Damaged . | . . . . Bothacking | -11 -10 -10 -10 ------------ Run | Yrd Mat Min Exi Used RIF Installer . | . . . . Robots Hacked . | . . . . Non-combat . | . . . . Combat . | . . . . Robot Hacks Applied . | . . . . Relay Couplers Released . | . . . . Fabnet Peak Effective % . | . . . . Robots Rewired . | . . . . Allies Hacked . | . . . . Hacks Repelled . | . . . . Allies | -11 -10 -10 -10 -------- Run | Yrd Mat Min Exi Total Allies . | . . . . Largest Group . | . . . . Highest-Rated Group . | . . . . Highest-Rated Ally . | . . . . Total Orders . | . . . . Ally Attacks . | . . . . Total Damage . | . . . . Kills . | . . . . Allies Corrupted . | . . . . Allies Melted . | . . . . Intel | -11 -10 -10 -10 ------- Run | Yrd Mat Min Exi Active Infowar (turns) . | . . . . Robot Analysis Total . | . . . . Derelict Logs Recovered 1 | . . 1 . Drone Launches . | . . . . Drone Recoveries . | . . . . Exploration | -11 -10 -10 -10 ------------- Run | Yrd Mat Min Exi Turns Passed 1433 | 55 82 712 584 Spaces Moved 802 | 34 36 414 318 Core 48 | 12 . . 36 Treads 754 | 22 36 414 282 Legs . | . . . . Wheels . | . . . . Hover . | . . . . Flight . | . . . . Fastest Speed 50 | 50 160 160 100 Average Speed 155 | 121 160 160 153 Slowest Speed 160 | 160 160 160 160 Overloaded Moves . | . . . . Propulsion Burnouts . | . . . . Robots Hopped . | . . . . Potential Cave-ins . | . . . . Cave-ins Triggered . | . . . . Exploration Rate (%) 41 | 3 5 89 67 Regions Visited 3 Branch Regions 2 Pre-discovered Areas 2 | . . 2 . Known Exits Taken . | . . . . Unknown Exits Taken 3 | 1 1 1 . Scrap Searched 1 | . . 1 . Spaces Dug . | . . . . Terrain Destroyed 87 | . . . 87 Melee . | . . . . Projectile . | . . . . AOE 87 | . . . 87 Terrain Rammed . | . . . . Walls Destroyed . | . . . . Machines Disabled . | . . . . Actions | -11 -10 -10 -10 --------- Run | Yrd Mat Min Exi Total 901 | 46 62 434 359 Wait 24 | . 19 5 . Move 799 | 33 35 413 318 Hop . | . . . . Pick Up 12 | 6 4 1 1 Fast Attach . | . . . . Attach 11 | 6 2 . 3 Detach . | . . . . Swap 2 | . . . 2 Drop 2 | . 2 . . Fire 51 | 1 . 15 35 Melee . | . . . . Ram . | . . . . Kick . | . . . . Crush . | . . . . Escape Stasis . | . . . . Rewire . | . . . . Trap . | . . . . Miscellaneous . | . . . . Route ------- -11/Scrapyard -10/Materials -10/Mines (discovered 4 exits: [*Mat x2] / *Exi / [*Sub]) -10/Exiles History --------- Turn | Location | Event 5 | -11/Scrapyard | Discovered new exit (range 14) 56 | -11/Scrapyard | Entered Materials 56 | -10/Materials | Discovered new exit (range 14) 138 | -10/Materials | Entered Mines 183 | -10/Mines | Discovered new exit (range 15) 318 | -10/Mines | Build established: Mutant 394 | -10/Mines | Learned location of Storage (-8) 512 | -10/Mines | Received a Rocket Launcher from a helpful Derelict 652 | -10/Mines | Discovered new exit (range 14) 709 | -10/Mines | Discovered new exit (range 13) 844 | -10/Mines | Deemed a non-threat by the Exiles lab entrance 844 | -10/Mines | Discovered new exit (range 5) 850 | -10/Mines | Entered Exiles 889 | -10/Exiles | Met 8R-AWN 918 | -10/Exiles | Met EX-HEX 982 | -10/Exiles | Met EX-BIN 999 | -10/Exiles | Aligned with FarCom system 1001 | -10/Exiles | Given EX-Vault access code 1039 | -10/Exiles | Opened EX-Vault 1049 | -10/Exiles | Found AWS/Autocannon 1080 | -10/Exiles | Warned to stay clear of 0b10 Research branches 1128 | -10/Exiles | Met EX-DEC 1307 | -10/Exiles | Attacked by the Exiles 1390 | -10/Exiles | Core integrity fell below 50% 1429 | -10/Exiles | Lost 8 parts (1p2n5w) 1433 | -10/Exiles | Core integrity fell below 20% 1434 | -10/Exiles | Destroyed by DAS Turret with DAS Cannon Last Messages --------------- The unstable cave ceiling collapses. HV Slug penetrates Wall. Penetrated by HV Slug. Wall collapses. Penetrated by HV Slug. Critical hit (Destroy). Hvy. Assault Rifle destroyed. Penetrated by HV Slug. Hvy. Assault Rifle destroyed. Destroyed Hvy. Assault Rifle. Penetrated by HV Slug. Rocket Launcher destroyed. Penetrated by HV Slug. HV Slug penetrates Machine. Penetrated by HV Slug. HV Slug penetrates Machine. Machine disabled. HV Slug penetrates Machine. The unstable cave ceiling collapses. HV Slug penetrates Machine. Map ----- +----------------------------------------------------+ | ?????????????????????##"###??# #?#"""""""#???? | | ?????????????????????????????# #?#"""""""#???? | | ?????????????????????????????# #?#"""""""#???? | | ????????????????????????????## ###"" """"#???? | | ###?????????????????????????#" """"#???? | | "#?????????????????????????#" """#???? | | "#?????????????????????????#" """#???? | | "#?????????????????????????#" """#???? | | ""#?????????????????????????#" """#???? | | ""#????????????? ???????????#" """#???? | | ""#????????????" """????????## """"???? | | #??????????????" ?????????# """#???? | | #??????????????" ?????????#" "X" """"???? | | ##?????????????" "?????????#" """ #???? | | "#???????????? ""?????????#" """""""""#???? | | ###???????????" "?????????##" ###########???? | | ##??????????# #????????##"" #?????????????? | | ######???### ###?######"" #?????????????? | | """#####X# #"###""""""" ##????????????? | | """""" " "" ##???######### | | "" """ " #####"""""""" | | # " " " """ "" | | ### "" " | | ??### % " | | ????## | | ?????## @ | | ??????##" | | ???????#""" % """""" | | ??????##" ######""" | | ??????#"" ""##????#####""" | | ??????#""" """##?????????##""" | | ?????#""" """##???????????#"""" | | ?????#""" ""#???????????## | | ?????#"" ########??####" | | ?????#""" ## ####""" | | ?????#"" """" | | ??????#"" | | ??????#"""" | | ???????# " | | ???????#" " "" " | | ???????#"""" ""## ##""" " " """ | | ???????#"" ""#### ######""" """## | | ????????? """"##??# #????###""""### | | ????????""" """#???# #??????######?### | | ????????? ""##???! ??????????????? | | ?????????"" """##????" ??????????????## | | ??????????""" #?????#" ??????????????? | | ????????????""" #??????#!!""!??????????????? | | ?????????????? ???????#######?????????????? | | ??????????????### ????????????????????????????? | +----------------------------------------------------+ Best States ------------- Heat Dissipation 25 Energy Generation 10 Energy Capacity 250 Matter Stores 300 Matter Capacity 300 Sight Range 16 Terrain Scan Density 10 Evasion (%) 50 Recoil Reduction 2 Item Schematics ----------------- None Robot Schematics ------------------ None Fabricated ------------ Nothing Repaired ---------- Nothing Alien Tech Used ----------------- None Achievements -------------- None Challenges ------------ None Game ------ Seed InertialRiotSword Manual? 0 Play Time 00:10:29 Cumulative 84.5 hours Start 2025.08.08 @ 19:00:48 End 2025.08.08 @ 19:38:43 Sessions 1 Manual Loads 0 Difficulty Rogue Special Mode None Game No. 332 Rogue 332 Adventurer 0 Explorer 0 Win Type - Total 0 Types 0/0/0/0/0/0/0/0/0/0 Lore% 34 Gallery% 36 Achievement% 30 Wizard Run 0 Options --------- Layout 2 ASCII 0 Keyboard 0 Movement Mouse Keybinds 0 Fullscreen 2 Font 24/Smallcaps Map View 50x44 Zoom Use 0% Tactical HUD 0 Map Filters NONE Filters NONE Steam 1 RUN: e9d91097-bf65-4356-bfe9-b1e4eb3c2f63